 Dungeon Crawl Stone Soup version 0.28.0-43-g3370ac3207 (webtiles) character file.

Game seed: 11976178885169178595

746 alasdair19 the Slasher (level 7, -6/51 (61) HPs)
             Began as a Minotaur Fighter on Mar 12, 2022.
             Mangled by a wight
             ... wielding a +0 battleaxe
              (11 damage)
             ... on level 5 of the Dungeon on Mar 14, 2022.
             The game lasted 00:16:04 (4927 turns).

alasdair19 the Slasher (Minotaur Fighter)           Turns: 4927, Time: 00:16:05

HP:   -6/51 (61)    AC: 15    Str: 22    XL:     7   Next: 48%
MP:   6/6           EV:  8    Int:  5    God:
Gold: 152           SH:  6    Dex: 10    Spells: 6/6 levels left

rFire   . . .      SeeInvis .   a - +0 long sword
rCold   . . .      Faith    .   z - +2 buckler
rNeg    . . .      Spirit   .   G - +0 chain mail
rPois   .          Reflect  .   (helmet restricted)
rElec   .          Harm     .   A - +1 cloak {Will+}
rCorr   .          Rampage  .   (no gloves)
Will    +....                   l - +2 pair of boots
Stlth   ..........              (no amulet)
HPRegen 0.17/turn               (no ring)
MPRegen 0.10/turn               (no ring)

@: heavily drained
A: horns 2, retaliatory headbutt
a: no special abilities


You were on level 5 of the Dungeon.
You visited 1 branch of the dungeon, and saw 5 of its levels.

You collected 152 gold pieces.

Inventory:

Hand Weapons
 a - a +0 long sword (weapon)
 o - a +0 arbalest
 u - a +1 short sword of protection
Missiles
 m - a curare-tipped dart (quivered)
 x - 38 bolts
 F - 2 boomerangs
Armour
 l - a +2 pair of boots (worn)
 z - a +2 buckler (worn)
 A - a +1 cloak of willpower (worn)
 G - a +0 chain mail (worn)
Jewellery
 c - a ring of protection from fire
Scrolls
 e - a scroll of noise
 n - 5 scrolls of teleportation {unknown}
 q - a scroll of amnesia {unknown}
 r - a scroll of fog {unknown}
 y - a scroll of vulnerability
 B - a scroll of torment
 D - a scroll of brand weapon
 E - a scroll of enchant armour {unknown}
Potions
 b - a potion of attraction {unknown}
 d - 2 potions of might
 f - a potion of invisibility {unknown}
 i - 3 potions of haste {unknown}
 j - 2 potions of ambrosia {unknown}
 p - 3 potions of curing {unknown}
 t - a potion of brilliance {unknown}
 v - a potion of degeneration {unknown}


   Skills:
 + Level 5.5 Fighting
 + Level 6.5 Long Blades
 + Level 2.3 Crossbows
 + Level 0.3 Throwing
 + Level 5.7 Armour
 + Level 1.6 Dodging
 + Level 0.5 Stealth
 + Level 4.6 Shields


You had 6 spell levels left.
You didn't know any spells.
Your spell library was empty.

Dungeon Overview and Level Annotations

Branches:
Dungeon (5/15)
 Temple: D:4-7

Altars:
Cheibriados
Kikubaaqudgha
Qazlal

Shops:
D:2 =


Innate Abilities, Weirdness & Mutations

You have a pair of horns on your head.
You reflexively headbutt those who attack you in melee.


Message History

It was a scroll of noise.
You hear an angry hiss.
You hear a shout!
As you read the scroll labelled GAWNI RESK, it crumbles to dust.
You feel aware of your surroundings.
You sensed 1 altar.
It was a scroll of magic mapping.
Found 9 gold pieces.
The quokka bites you but does no damage.
You closely miss the quokka. The quokka barely misses you.
You block the quokka's attack.
You hit the quokka.
The quokka is moderately wounded.
You block the quokka's attack. The wight hits you with a +0 battleaxe.
* * * LOW HITPOINT WARNING * * *
You feel drained.
As you read the scroll labelled MATUGR SUPN, it crumbles to dust.
It is a scroll of identify.
B - a scroll of torment The quokka barely misses you.
You block the wight's attack.
The quokka bites you but does no damage.
As you read the scroll of identify, it crumbles to dust.
D - a scroll of brand weapon The wight hits you but does no damage.
You block the wight's attack. You block the quokka's attack.
As you read the scroll of identify, it crumbles to dust.
y - a scroll of vulnerability The wight completely misses you.
The quokka bites you but does no damage.
The wight hits you from afar with a +2 spear of freezing.
* * * LOW HITPOINT WARNING * * *
You feel drained. The wight freezes you.
* * * LOW HITPOINT WARNING * * *
The wight hits you with a +0 short sword.
* * * LOW HITPOINT WARNING * * *
Okay, then.
As you read the scroll labelled DILAGG INISE, it crumbles to dust.
The creatures around you are filled with an inner flame!
It was a scroll of immolation.
The quokka bites you but does no damage.
The wight hits you with a +0 battleaxe!
You die...

*,,,*,,,,,*,,* *≈≈***,,,###≈zz.
*,,**,,_,,##.#* *≈#*≈**,*#≈##≈##
**,,*,,,,.#...####≈*≈≈#,≈,#≈≈#z#
*,,,,,,,.........≈≈≈≈#*,*#≈≈§≈#
**,,,***..$......##.≈#,≈,#≈####
**,,,*,.........##.≈##,##≈#
*,,,,,............≈≈#,#≈≈##
*,,,,,.......r...≈≈##+##z≈#
***********#.@z..≈##≈≈≈##≈#
#..zz.≈#≈≈>≈≈#z#
#.....≈z≈...≈≈≈#
##............§# ##...##...#####
##########


You could see 4 wights and a quokka (inner flame).

Vanquished Creatures
  Sigmund (D:3)
  A water moccasin (D:4)
  A necrophage (D:4)
  A phantom (D:4)
  Blork the orc (D:5)
  A jelly (D:3)
  Crazy Yiuf (D:3)
  A centaur skeleton (D:4)
  An iguana (D:4)
  A hound skeleton (D:4)
  A howler monkey skeleton (D:4)
  2 adders
  2 worms (D:4)
  A dart slug (D:2)
  14 orcs
  2 endoplasms
  2 giant cockroaches
  5 goblins
  5 hobgoblins
  6 jackals
  5 kobolds
  3 quokkas
  2 ball pythons (D:4)
  4 bats
  4 frilled lizards
  11 rats
79 creatures vanquished.

Vanquished Creatures (others)
  A withered plant (D:4)
1 creature vanquished.

Grand Total: 80 creatures vanquished

Notes
Turn   | Place    | Note
-------+----------+-------------------------------------------
     0 | D:1      | alasdair19 the Minotaur Fighter began the quest for the
                  | Orb.
     0 | D:1      | Reached XP level 1. HP: 19/19 MP: 0/0
    88 | D:1      | Found a faded altar of an unknown god.
   667 | D:1      | Reached XP level 2. HP: 26/27 MP: 1/1
  1907 | D:2      | Reached skill level 3 in Long Blades
  1907 | D:2      | Reached XP level 3. HP: 33/33 MP: 2/2
  2048 | D:2      | Found Xeazix's Jewellery Emporium.
  2486 | D:3      | Reached XP level 4. HP: 31/40 MP: 3/3
  2575 | D:3      | Found a snail-covered altar of Cheibriados.
  2738 | D:3      | Noticed a fire elemental
  2742 | D:3      | Found a stormy altar of Qazlal.
  2744 | D:3      | Noticed an air elemental
  2745 | D:3      | Noticed a water elemental
  2745 | D:3      | Noticed an earth elemental
  2745 | D:3      | Noticed Sigmund
  2750 | D:3      | Killed Sigmund
  2751 | D:3      | Reached skill level 5 in Long Blades
  2751 | D:3      | Reached skill level 1 in Crossbows
  2751 | D:3      | Reached skill level 1 in Dodging
  2751 | D:3      | Reached XP level 5. HP: 39/47 MP: 4/4
  3070 | D:3      | Found a runed translucent door.
  3071 | D:3      | Noticed Crazy Yiuf
  3351 | D:3      | Killed Crazy Yiuf
  3352 | D:3      | Reached XP level 6. HP: 40/55 MP: 1/5
  3484 | D:4      | Noticed a water moccasin
  3496 | D:4      | Killed a water moccasin
  3497 | D:4      | Reached skill level 5 in Fighting
  3497 | D:4      | Reached skill level 5 in Armour
  3721 | D:4      | Found an ancient bone altar of Kikubaaqudgha.
  3761 | D:4      | Reached skill level 6 in Long Blades
  3761 | D:4      | Reached XP level 7. HP: 50/61 MP: 6/6
  4784 | D:5      | Entered Level 5 of the Dungeon
  4803 | D:5      | Noticed Blork the orc
  4811 | D:5      | Killed Blork the orc
  4927 | D:5      | Mangled by a wight

Illustrated notes

Levels and vault maps discovered:
D:1:      lightli_arrival_maybe_door_vault, layout_basic,
          hellmonk_ecumenical_altar_heavens_door, serial_rivers,
          chequers_serial_rivers_micro_a, chequers_serial_rivers_small_a,
          chequers_serial_rivers_micro_c, chequers_serial_rivers_large_a,
          chequers_serial_rivers_micro_e, chequers_serial_rivers_small_b,
          corexii_hall_statues_x, minmay_cut_off
D:2:      layout_loops_ring, serial_shops, nicolae_shop_crystal,
          serial_park_tiny_1
D:3:      layout_basic, nicolae_qazlal_style_of_elements,
          mainiacjoe_overflow_concentric_impassable, grunt_ministairs_6,
          uniq_crazy_yiuf_cottage, uniq_sigmund
D:4:      layout_gridville, kiku_gazebo_garden_becter, grunt_ministairs_2,
          corexii_hall_statues_deadend
D:5:      layout_rooms, okawaru_ov_weapons_minmay, gammafunk_ghost_smash,
          minmay_manual_mullet, uniq_blork_the_orc

Skill      XL: |  1  2  3  4  5  6 |
---------------+-------------------+-----
Armour         | 4 5 |  5.7
Fighting       | 4 5 |  5.5
Shields        | 4 |  4.6
Long Blades    | 3 5 6 |  6.5
Crossbows      | 1 2 |  2.3
Dodging        | 1 |  1.6
Throwing       | |  0.3
Stealth        | |  0.5

Action                   |  1- 3 |  4- 6 |  7- 9 || total
-------------------------+-------+-------+-------++-------
Melee: Long sword        |    94 |    37 |    80 ||   211
       Headbutt          |     9 |     6 |    11 ||    26
 Fire: Arbalest          |       |    10 |       ||    10
Throw: Dart              |       |     2 |       ||     2
       Stone             |       |     1 |       ||     1
  Use: Scroll            |       |       |     9 ||     9
Armor: Scale mail        |    51 |    16 |    34 ||   101
       Chain mail        |       |       |    16 ||    16
Dodge: Dodged            |    45 |    14 |    43 ||   102
Block: Buckler           |    18 |     7 |    40 ||    65
